 Dungeon Crawl Stone Soup version 0.23.0 (webtiles) character file.

Game seed: 2041728676894699847

18 vishdafish the Covered (level 2, 0/25 HPs)
             Began as a Barachi Fighter on Feb 15, 2019.
             Was a Follower of Dithmenos.
             Succumbed to an adder's poison
             ... on level 2 of the Dungeon.
             The game lasted 00:01:15 (540 turns).

vishdafish the Covered (Barachi Fighter)             Turns: 540, Time: 00:01:15

Health: 0/25       AC:  7    Str: 17    XL:     2   Next: 70%
Magic:  2/2        EV:  7    Int:  8    God:    Dithmenos [*.....]
Gold:   27         SH:  9    Dex: 11    Spells: 1/1 levels left

rFire    . . .     SeeInvis .   a - +0 long sword
rCold    . . .     Gourm    .   c - +0 shield
rNeg     . . .     Faith    .   b - +0 scale mail
rPois    .         Spirit   .   (no helmet)
rElec    .         Reflect  .   (no cloak)
rCorr    .         Harm     .   (no gloves)
MR       +....                  (no boots)
Stlth    ..........             (no amulet)
HPRegen  0.08/turn              h - ring of protection from magic
MPRegen  0.08/turn              (no ring)

@: lethally poisoned (0 -> -8), wreathed by umbra, slow
A: +LOS, swims, slowness 1, strong legs 1
a: Hop, Renounce Religion


You were on level 2 of the Dungeon.
You worshipped Dithmenos.
Dithmenos was aware of your devotion.
You were not hungry.

You visited 1 branch of the dungeon, and saw 2 of its levels.

You collected 27 gold pieces.

Inventory:

Hand Weapons
 a - a +0 long sword (weapon)
Armour
 b - a +0 scale mail (worn)
 c - a +0 shield (worn)
Jewellery
 h - a ring of protection from magic (left hand)
Scrolls
 d - 2 scrolls of teleportation {unknown}
 e - a scroll of enchant weapon {unknown}
 g - 2 scrolls of identify {unknown}
 i - a scroll of immolation {unknown}
Comestibles
 f - a ration


   Skills:
 + Level 3.8 Fighting
 * Level 3.0 Long Blades
 + Level 3.9 Armour
 + Level 3.5 Shields
 + Level 0.0 Invocations


You had one spell level left.
You didn't know any spells.
Your spell library was empty.

Dungeon Overview and Level Annotations

Branches:
Dungeon (1/15)

Altars:
Dithmenos
Gozag
Vehumet

Shops:
D:2 *


Innate Abilities, Weirdness & Mutations

Shadows flee at your approach. (+LOS)
You can swim through water.
You cover ground slowly.
You can hop short distances.


Message History

The adder is severely wounded.
* * * LOW HITPOINT WARNING * * *
You feel sick. You block the hobgoblin's attack. You block the adder's attack.
The hobgoblin hits you but does no damage.
You miss the adder.
The adder is severely wounded.
* * * LOW HITPOINT WARNING * * *
You feel sick. The adder bites you.
* * * LOW HITPOINT WARNING * * *
You are more poisoned.
The adder poisons you! The adder barely misses you.
The hobgoblin hits you but does no damage.
You hit the adder but do no damage.
The adder is severely wounded.
The adder bites you but does no damage. The hobgoblin hits you.
* * * LOW HITPOINT WARNING * * *
You block the adder's attack.
You closely miss the adder.
The adder is severely wounded.
You die...

######. ..... #######
.......###.#.# ####.......
..#........#.# #.........
.....###.....###......#
.≈≈..................## .##
≈≈≈..........#.#......#...#
≈≈≈≈.........#.........._..
≈≈≈≈.........#.g##....#...
≈≈≈≈≈...........@Sr..##
≈≈≈≈..####.###..##)...#
≈≈≈..## #......##........
≈≈≈≈≈#####..........#####.
≈≈≈≈.#..........#####
≈≈≈≈.#......#....#
.≈...#......###...#
.....#......# #.#.#
.....(......# #.#..


You could see an adder, a hobgoblin and a rat.

Vanquished Creatures
  A leopard gecko (D:2)
  A bat (D:2)
  A goblin (D:2)
  3 jackals (D:1)
  3 kobolds (D:2)
  A ball python (D:2)
  4 frilled lizards (D:2)
  3 rats
17 creatures vanquished.

Notes
Turn   | Place    | Note
-------+----------+-------------------------------------------
     0 | D:1      | vishdafish the Barachi Fighter began the quest for the Orb.
     0 | D:1      | Reached XP level 1. HP: 18/18 MP: 1/1
    60 | D:1      | You fall through a shaft!
    60 | D:2      | Found an opulent altar of Gozag.
    60 | D:2      | Found Gozag's Platinum Reserve.
   161 | D:2      | Reached XP level 2. HP: 5/25 MP: 2/2
   420 | D:2      | Found a faded altar of an unknown god.
   431 | D:2      | Became a worshipper of Dithmenos the Shadowed
   431 | D:2      | Reached * piety under Dithmenos
   524 | D:2      | Found a radiant altar of Vehumet.
   539 | D:2      | HP: 1/25 [hobgoblin (2)]
   540 | D:2      | Succumbed to an adder's poison

Skill      XL: |  1  2 |
---------------+-------+-----
Long Blades    | 3 |  3.0
Fighting       | |  3.8
Armour         | |  3.9
Shields        | |  3.5

Action                   || total
-------------------------++-------
Melee: Long sword        ||    75
  Use: Potion            ||     1
Armor: Scale mail        ||    31
Dodge: Dodged            ||    22
Block: Shield            ||    53
       Rpst.: Long sword ||     8
